 Dungeon Crawl Stone Soup version 0.27-a0-223-ge082b6e869 (webtiles) character file.

Game seed: 14359245545295997821

7928 sahdkjhfkaj the Grappler (level 11, -7/175 HPs)
             Began as a Troll Berserker on Feb 2, 2021.
             Was a High Priest of Trog.
             Mangled by an ice dragon (16 damage)
             ... on level 9 of the Dungeon.
             The game lasted 00:10:45 (7371 turns).

sahdkjhfkaj the Grappler (Troll Berserker)          Turns: 7371, Time: 00:10:45

Health: -7/175     AC:  9    Str: 36    XL:     11   Next: 3%
Magic:  10/10      EV: 10    Int:  3    God:    Trog [*****.]
Gold:   621        SH:  0    Dex:  9    Spells: 10/10 levels left

rFire    + . .     SeeInvis .     - Unarmed
rCold    + . .     Faith    .   (no shield)
rNeg     . . .     Spirit   .   x - +2 robe {Will+}
rPois    +         Reflect  .   (helmet restricted)
rElec    +         Harm     .   m - +0 cloak
rCorr    +         Rampage  .   (gloves unavailable)
Will     ++...                  (boots unavailable)
Stlth    ..........             (no amulet)
HPRegen  0.79/turn              g - ring of willpower
MPRegen  0.12/turn              a - +6 ring of strength

@: berserking (expiring), resistant, very slightly contaminated, invisible, very
quick
A: large, unfitting armour, claws 3, regeneration 1, shaggy fur 1, tough skin 3
a: Renounce Religion, Berserk, Trog's Hand, Brothers in Arms


You were on level 9 of the Dungeon.
You worshipped Trog.
Trog was extremely pleased with you.
You visited 1 branch of the dungeon, and saw 9 of its levels.

You collected 621 gold pieces.

Inventory:

Armour
 m - a +0 cloak (worn)
   (You found it on level 3 of the Dungeon)
 x - a +2 robe of willpower (worn)
   (You took it off a wight on level 7 of the Dungeon)
Jewellery
 a - a +6 ring of strength (right claw)
   (You found it on level 9 of the Dungeon)
 g - a ring of willpower (left claw)
   (You found it on level 2 of the Dungeon)
 i - a +6 ring of dexterity
   (You found it on level 2 of the Dungeon)
 j - an uncursed ring of magical power {unknown}
   (You found it on level 9 of the Dungeon)
 s - an uncursed ring of wizardry {unknown}
   (You found it on level 5 of the Dungeon)
 y - the ring "Xeifac Zasi" {rN+ SInv}
   (You found it on level 7 of the Dungeon)

   [ring of positive energy]

   It protects you from negative energy.
   It lets you see invisible.
Wands
 A - a wand of charming (10)
   (You found it on level 9 of the Dungeon)
Scrolls
 b - 4 scrolls of remove curse {@r2}
 k - 2 scrolls of magic mapping
 l - a scroll of enchant weapon
 p - 11 scrolls of teleportation {@r4}
 q - a scroll of enchant armour
 r - 4 scrolls of immolation {!r}
 t - 2 scrolls of blinking
 u - a scroll of vulnerability {!r}
 w - a scroll of summoning
 z - a scroll of fear {unknown}
Potions
 c - a potion of invisibility
 d - a potion of flight {unknown}
 e - 3 potions of curing {unknown}
 f - a potion of heal wounds {@q2}
 h - a potion of resistance
 n - 3 potions of might {unknown}
 o - a potion of attraction {unknown}
 v - a potion of haste {unknown}


   Skills:
 - Level 10.0 Fighting
 - Level 2.4 Dodging
 + Level 12.7 Unarmed Combat


You had 10 spell levels left.
You didn't know any spells.
Your spell library was empty.

Dungeon Overview and Level Annotations

Branches:
Dungeon (9/15)             Temple (0/1) D:6             Orc (0/2) D:9
   Lair: D:8-11

Altars:
Gozag
Ru
Sif Muna

Shops:
D:5 [   D:7 }

Annotations:
D:6 3 runed translucent doors, foci's ghost, novice GrFi
D:9 4 runed translucent doors, tinescath's ghost, novice DEFE


Innate Abilities, Weirdness & Mutations

You are too large for most types of armour.
You have claws for hands.
Your natural rate of healing is unusually fast.
You are covered in fur. (AC +1)
You have extremely tough skin. (AC +3)


Message History

* * * LOW HITPOINT WARNING * * *
The ice dragon barely misses you. x2
You claw the ice dragon!
Unknown command.
You scratch the ice dragon but do no damage.
You claw the ice dragon.
The ice dragon bites you but does no damage.
The ice dragon claws you!
* * * LOW HITPOINT WARNING * * *
The ice dragon barely misses you.
You catch the helpless ice dragon completely off-guard!
You claw the ice dragon! You claw the ice dragon.
You kill the ice dragon!
Trog accepts your kill.
Training target 10.0 for Fighting reached!
Your Fighting skill increases to level 10!
You need to enable at least one skill for training.
You mangle the fire dragon!! You claw the fire dragon!
The fire dragon breathes flames at you. The blast of flame hits you!
You resist.
* * * LOW HITPOINT WARNING * * *
You barely miss the fire dragon.
Unknown command.
You eviscerate the fire dragon!!! The fire dragon bites you.
* * * LOW HITPOINT WARNING * * *
The fire dragon claws you.
* * * LOW HITPOINT WARNING * * *
The fire dragon tramples you.
* * * LOW HITPOINT WARNING * * *
You stumble backwards!
You mangle the fire dragon!!
You kill the fire dragon!
Trog accepts your kill.
The fire dragon scales are intact enough to wear.
You have reached level 11!
The ice dragon breathes frost at you. The blast of cold hits you! You resist.
* * * LOW HITPOINT WARNING * * *
Items here: [[ ††.
You claw the ice dragon! The ice dragon bites you.
* * * LOW HITPOINT WARNING * * *
The ice dragon barely misses you.
The ice dragon tramples you but does no damage.
You eviscerate the ice dragon!!! You completely miss the ice dragon.
You claw the ice dragon. The ice dragon bites you.
* * * LOW HITPOINT WARNING * * *
The ice dragon claws you!
You die...

#.....## #.......#.##. #......#
###.......... ####+#>#
##.≈≈≈≈≈.≈≈≈ ## ###...######
#..≈≈≈≈≈.≈≈≈ .#
###...#.##...####..≈≈≈≈≈.≈≈≈ .#
#............#.....†≈≈≈≈.≈≈≈
.#####.#########......>.......≈≈≈
)....#.#....#≈≈#.##.....≈≈≈≈.....
.###...#.⌠..#≈≈#@##.....≈≈≈≈.≈≈≈≈
.# ##..#....####D##.....≈≈≈≈.≈≈≈≈
.# #..+.(.[...'.##.....≈≈≈≈.≈≈≈≈
.# #..####....#.##.....≈≈≈≈.≈≈≈≈
.# #..#≈≈#..⌠.#.##..............
## ##.#≈≈#....#.################
#.#########.# #...........#
#############


You could see an ice dragon.

Vanquished Creatures
  An ice dragon (D:9)
  2 fire dragons (D:9)
  A two-headed ogre (D:8)
  A troll (D:9)
  2 hornets (D:9)
  5 yaks (D:9)
  A wyvern (D:9)
  Grum (D:8)
  2 sky beasts
  2 necrophages
  2 ice beasts (D:5)
  An orc warrior (D:7)
  3 ogres
  2 wolves (D:8)
  A centaur (D:6)
  2 phantoms
  A big kobold (D:9)
  4 bullfrogs
  A scorpion (D:8)
  4 killer bees
  9 wights (D:7)
  A centaur zombie (D:6)
  3 jellies
  A quasit (D:8)
  A centaur skeleton (D:3)
  5 hounds
  7 orc priests
  4 bullfrog skeletons
  Jessica (D:3)
  6 worker ants
  5 orc wizards
  3 gnolls (D:2)
  9 adders
  4 shadow imps
  2 white imps
  2 oozes
  An ufetubus (D:6)
  An adder zombie (D:5)
  An adder skeleton (D:5)
  6 dart slugs
  3 leopard geckos
  34 orcs
  A ball python (D:3)
  7 bats
  6 giant cockroaches
  5 goblins
  9 hobgoblins
  8 jackals
  7 quokkas
  6 frilled lizards
  A jackal zombie (D:5)
  9 kobolds
  A leopard gecko skeleton (D:6)
  A quokka skeleton (D:4)
  A quokka zombie (D:5)
  10 rats
220 creatures vanquished.

Vanquished Creatures (others)
  4 plants (D:3)
4 creatures vanquished.

Grand Total: 224 creatures vanquished

Notes
Turn   | Place    | Note
-------+----------+-------------------------------------------
     0 | D:1      | sahdkjhfkaj the Troll Berserker began the quest for the
                  | Orb.
     0 | D:1      | Reached XP level 1. HP: 22/22 MP: 0/0
   257 | D:1      | Reached XP level 2. HP: 29/29 MP: 1/1
   523 | D:1      | Reached skill level 4 in Unarmed Combat
   650 | D:1      | Reached ** piety under Trog
   847 | D:2      | Reached XP level 3. HP: 36/36 MP: 2/2
  1086 | D:2      | Reached XP level 4. HP: 45/45 MP: 3/3
  1714 | D:3      | Reached skill level 5 in Unarmed Combat
  1845 | D:3      | Reached XP level 5. HP: 49/53 MP: 4/4
  2026 | D:3      | Reached *** piety under Trog
  2048 | D:3      | Noticed Jessica
  2057 | D:3      | Killed Jessica
  2118 | D:3      | Found a sacrificial altar of Ru.
  2330 | D:4      | Reached XP level 6. HP: 57/62 MP: 5/5
  2509 | D:4      | Reached skill level 6 in Unarmed Combat
  2694 | D:4      | Reached skill level 7 in Unarmed Combat
  2781 | D:4      | Reached XP level 7. HP: 70/70 MP: 6/6
  3098 | D:5      | Entered Level 5 of the Dungeon
  3248 | D:5      | Reached skill level 5 in Fighting
  3351 | D:5      | Reached skill level 8 in Unarmed Combat
  3356 | D:5      | Reached **** piety under Trog
  3460 | D:5      | Reached XP level 8. HP: 52/81 MP: 7/7
  3546 | D:5      | Found Vyugus's Antique Armour Shop.
  3888 | D:6      | Noticed a four-headed hydra
  3944 | D:6      | Noticed foci's ghost (novice GrFi)
  3949 | D:6      | Found a runed translucent gate.
  3949 | D:6      | Found a runed translucent gate.
  3981 | D:6      | Found a runed translucent gate.
  3989 | D:6      | Reached skill level 9 in Unarmed Combat
  4093 | D:6      | Found a staircase to the Ecumenical Temple.
  4166 | D:6      | You fall into a shaft and drop 1 floor!
  4331 | D:7      | Reached XP level 9. HP: 42/90 MP: 8/8
  4595 | D:7      | Found Womowuc's Gadget Emporium.
  4797 | D:6      | Found a shimmering blue altar of Sif Muna.
  4874 | D:7      | Got a pitted brass ring
  4905 | D:7      | Found a sand-covered staircase.
  5221 | D:7      | Reached skill level 10 in Unarmed Combat
  5453 | D:8      | Reached ***** piety under Trog
  5763 | D:8      | Noticed a two-headed ogre
  5774 | D:8      | Killed a two-headed ogre
  5991 | D:8      | Noticed Grum
  6003 | D:8      | Killed Grum
  6423 | D:9      | Reached XP level 10. HP: 59/107 MP: 9/9
  6434 | D:9      | Reached skill level 11 in Unarmed Combat
  6697 | D:9      | Found a runed translucent gate.
  6697 | D:9      | Found a runed translucent gate.
  6697 | D:9      | Found an opulent altar of Gozag.
  6697 | D:9      | Found a runed translucent gate.
  6697 | D:9      | Noticed tinescath's ghost (novice DEFE)
  6714 | D:9      | Identified the ring "Xeifac Zasi" {rN+ SInv} (You found it
                  | on level 7 of the Dungeon)
  6950 | D:9      | Reached skill level 12 in Unarmed Combat
  7025 | D:9      | Noticed an ice dragon
  7025 | D:9      | Noticed a fire dragon
  7025 | D:9      | Noticed an ice dragon
  7026 | D:9      | Found the +2 shield of Resistance {rF++ rC++ Will++}
  7026 | D:9      | Found a runed translucent door.
  7026 | D:9      | Noticed a fire dragon
  7030 | D:9      | Found a runed translucent door.
  7031 | D:9      | Found a staircase to the Orcish Mines.
  7357 | D:9      | Killed a fire dragon
  7362 | D:9      | Killed an ice dragon
  7363 | D:9      | Reached skill level 10 in Fighting
  7367 | D:9      | Killed a fire dragon
  7368 | D:9      | Reached XP level 11. HP: 30/117 MP: 10/10
  7371 | D:9      | Mangled by an ice dragon

Illustrated notes

Levels and vault maps discovered:
D:1:      minmay_arrival_open_corners, layout_basic, minmay_misc_feat_hallway,
          minmay_pentomino_x2
D:2:      layout_basic
D:3:      layout_loops_ring, lemuel_round_altar, serial_bayou_pond_b,
          uniq_jessica
D:4:      layout_basic
D:5:      layout_rooms, serial_shops, shop, minmay_fountain_box,
          minmay_manual_macuahuitl
D:6:      layout_rooms, minmay_temple_entry_nine_rooms, gammafunk_ghost_split,
          led_sif_pool
D:7:      layout_loops_corners, nicolae_ossuary_entry_ruins, serial_shops,
          kennysheep_mini
D:8:      layout_basic, uniq_grum
D:9:      layout_roguey, orc_0_dummy, ebering_ghost_gozag, minivault_14,
          minmay_guarded_unrand_resistance

Skill      XL: |  1  2  3  4  5  6  7  8  9 10 |
---------------+-------------------------------+-----
Unarmed Combat | 4 5 7 8 9 10 12 | 12.7
Fighting       | 3 4 5 7 9 10 | 10.0
Dodging        | |  2.4

Action                   |  1- 3 |  4- 6 |  7- 9 | 10-12 || total
-------------------------+-------+-------+-------+-------++-------
Melee: Unarmed           |   101 |   145 |   264 |    92 ||   602
       Punch             |     2 |     3 |    15 |     8 ||    28
Invok: Berserk           |     1 |       |     1 |     1 ||     3
  Use: Scroll            |       |     2 |    10 |     1 ||    13
       Potion            |       |       |       |     3 ||     3
 Stab: Sleeping          |     2 |     2 |       |       ||     4
       Invisible         |       |       |       |     3 ||     3
Armor: Animal skin       |    41 |    45 |    41 |       ||   127
       Robe              |       |       |    25 |    33 ||    58
Dodge: Dodged            |    55 |    57 |   136 |    52 ||   300

Table legend: (Time is in decaauts)
 A = Elapsed time spent in this place.
 B = Non-inter-level travel time spent in this place.
 C = Inter-level travel time spent in this place.
 D = Time resting spent in this place.
 E = Time spent auto-exploring this place.
 F = Levels seen in this place.
 G = Mean time per level.
                   A        B        C        D        E       F      G
               +--------+--------+--------+--------+--------+-----+--------+
         Total |   7296 |   7056 |    240 |    479 |   5315 |   9 |  810.7 |
       Dungeon |   7296 |   7056 |    240 |    479 |   5315 |   9 |  810.7 |
               +--------+--------+--------+--------+--------+-----+--------+

Top non-repeatable levels by time:
     D:8: 1005 daAuts
     D:9: 979 daAuts
     D:7: 969 daAuts
     D:2: 921 daAuts
     D:4: 810 daAuts
     D:5: 743 daAuts
     D:1: 736 daAuts
     D:3: 617 daAuts
     D:6: 512 daAuts
